 Dungeon Crawl Stone Soup version 0.20.1-1-g8b1a95d66d (webtiles) character file.

9291 Jynx the Martial Artist (level 11, -4/95 HPs)
             Began as a Black Draconian Transmuter on Dec 19, 2017.
             Was a Believer of Makhleb.
             Slain by a death knight
             ... wielding a +0 halberd
              (26 damage)
             ... on level 11 of the Dungeon.
             The game lasted 00:26:50 (11916 turns).

Jynx the Martial Artist (DrTm)                     Turns: 11916, Time: 00:26:50

Health: -4/95      AC:  8    Str: 13    XL:     11   Next: 21%
Magic:  15/17      EV: 12    Int: 15    God:    Makhleb [**....]
Gold:   679        SH:  0    Dex: 13    Spells: 3/18 levels left

rFire    . . .     SeeInvis .     - Unarmed
rCold    . . .     Gourm    .   (shield currently unavailable)
rNeg     + . .     Faith    .   (armour unavailable)
rPois    .         Spirit   .   K - +0 hat
rElec    +         Reflect  .   H - +0 cloak
rCorr    .         Harm     .   (gloves currently unavailable)
MR       .....                  (no boots)
Stlth    ++........             (no amulet)
Regen    0.3/turn               m - ring of positive energy
MPRegen  0.2/turn               w - ring of stealth

@: lethally poisoned (-4 -> -5), blade hands (expiring), slowed, very slow
A: breathe lightning, unfitting armour, electricity resistance, cold-blooded, AC
+7
a: Breathe Lightning, End Transformation, Minor Destruction, Renounce Religion


You were on level 11 of the Dungeon.
You worshipped Makhleb.
Makhleb was pleased with you.
You were very hungry.
You had blades for hands.
You visited 2 branches of the dungeon, and saw 12 of its levels.

You collected 679 gold pieces.

Inventory:

Missiles
 a - 83 arrows
Armour
 z - a scarf of cloud immunity
 H - a +0 cloak (worn)
 K - a +0 hat (worn)
Jewellery
 m - a ring of positive energy (left scythe-like blade)
 w - a ring of stealth (right scythe-like blade)
 C - an uncursed amulet of harm
 I - an uncursed ring of ice
Wands
 n - a wand of lightning (4/15)
 s - a wand of flame (39/48)
 v - a wand of iceblast (8/15)
 x - a wand of enslavement (13/24)
 D - a wand of random effects (40/48)
 G - a wand of enslavement (11/24)
 M - a wand of polymorph (10/24)
Scrolls
 e - 6 scrolls of teleportation
 j - a scroll of amnesia
 l - 2 scrolls of noise
 p - 5 scrolls of remove curse
 r - 5 scrolls of immolation
 t - a scroll of enchant weapon {unknown}
 u - 3 scrolls of fog
 y - 2 scrolls of magic mapping {unknown}
 A - a scroll of blinking {unknown}
 B - a scroll of vulnerability {unknown}
 F - a scroll of fear {unknown}
 L - a scroll of random uselessness {unknown}
 O - a scroll of recharging {unknown}
Potions
 d - 9 potions of curing
 f - a potion of heal wounds
 g - a potion of berserk rage
 h - 3 potions of mutation
 o - a potion of agility {unknown}
 E - a potion of haste {unknown}
 N - a potion of degeneration {unknown}
 P - 2 potions of might {unknown}
Books
 b - a book of Changes

   Spells                             Type                      Level
   a - Beastly Appendage              Transmutation                1
   b - Sticks to Snakes               Transmutation                2
   c - Spider Form                    Transmutation/Poison         3
   d - Ice Form                       Ice/Transmutation            4
   e - Blade Hands                    Transmutation                5
 J - Dispater's Incunabulum of Earth
   (You found it on level 9 of the Dungeon)

   Spells                             Type                      Level
   a - Lee's Rapid Deconstruction     Earth                        5
   b - Iron Shot                      Conjuration/Earth            6
   c - Shatter                        Earth                        9
Comestibles
 c - 9 bread rations
 i - 7 royal jellies
 k - 9 meat rations
 q - 10 fruits


   Skills:
 + Level 8.3 Fighting
 - Level 1.7 Dodging
 * Level 11.3 Unarmed Combat
 - Level 4.0 Spellcasting
 * Level 11.0 Transmutations


You had 3 spell levels left.
You knew the following spells:

 Your Spells              Type           Power        Failure   Level  Hunger
a - Beastly Appendage     Tmut           #####.       9%          1    None
b - Sticks to Snakes      Tmut           #####...     10%         2    ##.....
c - Spider Form           Tmut/Pois      ###.......   34%         3    ###....
d - Blade Hands           Tmut           #####.....   34%         5    ######.
e - Ice Form              Ice/Tmut       ###.....     61%         4    ####...


Dungeon Overview and Level Annotations

Branches:
Dungeon (11/15)            Temple (1/1) D:7            Lair (0/6) D:10
    Orc: D:9-12

Altars:
Dithmenos
Elyvilon
Fedhas
Gozag
Hepliaklqana
Makhleb
Nemelex Xobeh
Okawaru
Qazlal
Ru
Sif Muna
Trog
Vehumet
Xom
Yredelemnul
Zin
The Shining One

Shops:
D:5 [


Innate Abilities, Weirdness & Mutations

You can breathe wild blasts of lightning.
Your glossy black scales are hard. (AC +7)
You cannot fit into any form of body armour.
You are resistant to electric shocks. (rElec)
You are cold-blooded and may be slowed by cold attacks.


Message History

You feel yourself slow down.
A freezing wraith comes into view.
You slash the freezing wraith!
The freezing wraith is almost destroyed.
The death knight hits you from afar with a halberd!!
The freezing wraith hits you but does no damage.
The freezing wraith misses you.
You are too injured to fight recklessly!
You are too injured to fight recklessly!
Unknown command.
You are too injured to fight recklessly!
You feel sick.
The death knight hits you from afar with a halberd!
You feel sick.
The death knight hits you from afar with a halberd!
* * * LOW HITPOINT WARNING * * *
You feel sick.
Your transformation is almost over.
The death knight hits you from afar with a halberd!!
You die...

##...##
#####...>.#
#W..z.....#
#z###.....# #.#
##.W..... #.#
#...... ##z##
#.####...
#..p####........
#....@...##
#....###.####.##.
##.#.# #.<.......
#.#.# #.####.##.
#.#.# #.# #.#.#
#.# #.#.# #.#
#.#.. ..# #.###
.)#


You could see a death knight and a skeletal warrior.

Vanquished Creatures
  The ghost of Alannah the Covert, a journeyman DsMo of Dithmenos (D:10)
  Erica (D:8)
  2 two-headed ogres
  2 hippogriffs (D:9)
  6 yaks (D:9)
  A wyvern (D:9)
  A hungry ghost (D:9)
  Eustachio (D:6)
  Edmund (D:6)
  A water moccasin (D:10)
  An ice beast (D:9)
  An orc warrior (D:9)
  2 black bears
  2 phantoms
  2 sky beasts
  A hornet zombie (D:8)
  A necrophage (D:5)
  6 ogres
  A centaur (D:8)
  A big kobold (D:10)
  9 bullfrogs
  2 scorpions
  14 killer bees
  5 wights (D:9)
  2 howler monkeys (D:9)
  A bullfrog zombie (D:9)
  7 crimson imps
  A quasit (D:9)
  5 hounds
  A bullfrog skeleton (D:7)
  6 orc priests
  8 orc wizards
  3 iguanas
  2 worker ants
  2 hound skeletons
  A worker ant zombie (D:9)
  17 adders
  A howler monkey skeleton (D:5)
  An adder zombie (D:9)
  2 adder skeletons
  4 worms
  3 dart slugs
  6 leopard geckos
  35 orcs
  5 giant cockroaches
  9 goblins
  8 hobgoblins
  6 jackals
  11 kobolds
  2 quokkas
  9 bats
  5 frilled lizards
  A quokka skeleton (D:7)
  9 rats
238 creatures vanquished.

Vanquished Creatures (collateral kills)
  Pikel (D:6)
  Duvessa (D:5)
  A phantom (D:4)
  2 ogres
  Dowan (D:5)
  An adder (D:3)
  An orc (D:5)
  A ball python (D:5)
9 creatures vanquished.

Vanquished Creatures (others)
  3 slaves (D:6)
  A crimson imp (D:6)
  A hound (D:6)
5 creatures vanquished.

Grand Total: 252 creatures vanquished

Notes
Turn   | Place    | Note
-------+----------+-------------------------------------------
     0 | D:1      | Jynx the Draconian Transmuter began the quest for the Orb.
     0 | D:1      | Reached XP level 1. HP: 16/16 MP: 3/3
   537 | D:1      | Reached XP level 2. HP: 23/23 MP: 3/5
   971 | D:1      | Reached XP level 3. HP: 18/28 MP: 4/6
  1252 | D:1      | Learned a level 2 spell: Sticks to Snakes
  1668 | D:2      | Reached XP level 4. HP: 33/36 MP: 5/7
  1995 | D:2      | Learned a level 3 spell: Spider Form
  2025 | D:3      | Reached XP level 5. HP: 36/42 MP: 6/8
  2908 | D:3      | Reached XP level 6. HP: 40/50 MP: 9/9
  3334 | D:4      | Reached skill level 5 in Unarmed Combat
  3780 | D:4      | Reached skill level 5 in Transmutations
  3913 | D:4      | Got a smoking quarterstaff
  3914 | D:4      | Identified the +1 quarterstaff of the Heart {holy, Stlth+} (You found it on level 4 of the Dungeon)
  4062 | D:4      | Your scales start taking on a glossy black colour.
  4062 | D:4      | Reached XP level 7. HP: 57/57 MP: 5/10
  4062 | D:4      | Gained mutation: You are resistant to electric shocks. (rElec) [Black Draconian growth]
  4692 | D:5      | Entered Level 5 of the Dungeon
  5001 | D:5      | Found Xeijeis's Armour Shoppe.
  5578 | D:5      | Noticed Dowan
  5579 | D:5      | Noticed Duvessa
  5589 | D:5      | Killed Dowan
  5614 | D:5      | Killed Duvessa
  5614 | D:5      | Reached XP level 8. HP: 12/67 MP: 1/11
  5987 | D:5      | Found an opulent altar of Gozag.
  6289 | D:5      | Found a glowing silver altar of Zin.
  6631 | D:6      | Noticed Pikel
  6631 | D:6      | Noticed Eustachio
  6687 | D:6      | Killed Pikel
  6687 | D:6      | Reached skill level 5 in Fighting
  6844 | D:6      | Killed Eustachio
  7036 | D:6      | Learned a level 5 spell: Blade Hands
  7530 | D:6      | Reached XP level 9. HP: 63/74 MP: 10/14
  7613 | D:6      | Noticed Edmund
  7629 | D:6      | Killed Edmund
  8309 | D:7      | Found a staircase to the Ecumenical Temple.
  8313 | D:7      | You fall through a shaft for 3 floors!
  8313 | D:10     | Entered Level 10 of the Dungeon
  8495 | D:10     | Found a staircase to the Lair.
  8899 | Temple   | Entered the Ecumenical Temple
  9061 | Temple   | Became a worshipper of Makhleb the Destroyer
  9532 | D:8      | Noticed a two-headed ogre
  9543 | D:8      | Killed a two-headed ogre
  9785 | D:8      | Noticed Erica
  9793 | D:8      | Killed Erica
  9793 | D:8      | Reached XP level 10. HP: 62/84 MP: 10/16
 10061 | D:8      | Learned a level 4 spell: Ice Form
 10237 | D:9      | Identified Dispater's Incunabulum of Earth
 10309 | D:9      | Noticed a two-headed ogre
 10317 | D:9      | Killed a two-headed ogre
 10317 | D:9      | Reached skill level 10 in Unarmed Combat
 10321 | D:9      | Reached * piety under Makhleb
 10325 | D:9      | Reached skill level 10 in Transmutations
 11088 | D:9      | Reached XP level 11. HP: 45/94 MP: 13/17
 11564 | D:10     | Noticed Alannah's ghost (journeyman DsMo)
 11572 | D:10     | Killed Alannah's ghost
 11767 | D:10     | Reached ** piety under Makhleb
 11900 | D:11     | Noticed a death knight
 11905 | D:11     | Noticed a skeletal warrior
 11916 | D:11     | Slain by a death knight

Skill      XL: |  1  2  3  4  5  6  7  8  9 10 11 |
---------------+----------------------------------+-----
Transmutations | 3 4 5 6 7 9 10 11 | 11.0
Unarmed Combat | 4 5 6 7 9 10 11 | 11.3
Fighting       | 2 3 4 5 6 8 |  8.3
Spellcasting   | 3 4 |  4.0
Dodging        | |  1.7

Action                   |  1- 3 |  4- 6 |  7- 9 | 10-12 || total
-------------------------+-------+-------+-------+-------++-------
Melee: Unarmed           |   124 |   234 |   340 |   204 ||   902
       Tailslap          |     9 |    18 |    30 |    26 ||    83
       Headbutt          |    10 |    15 |    14 |       ||    39
       Kick              |     3 |    26 |    24 |       ||    53
       Punch             |       |     2 |    14 |     5 ||    21
       Quarterstaff      |       |     2 |    62 |       ||    64
 Cast: Beastly Appendage |    24 |    35 |    27 |       ||    86
       Sticks to Snakes  |       |     6 |    25 |       ||    31
       Spider Form       |       |       |     6 |     2 ||     8
       Blade Hands       |       |       |     2 |    14 ||    16
  Use: Scroll            |       |     6 |     7 |     1 ||    14
       Potion            |       |       |       |     1 ||     1
 Stab: Sleeping          |       |       |     5 |       ||     5
       Distracted        |       |       |     1 |       ||     1
  Eat: Chunk             |     3 |     8 |    17 |    12 ||    40
       Fruit             |       |       |     1 |       ||     1
       Bread ration      |       |       |     1 |       ||     1
Armor: Skin              |    49 |    70 |   107 |    61 ||   287
Dodge: Dodged            |   121 |   164 |   290 |   132 ||   707
